 Dungeon Crawl Stone Soup version 0.23.2 (webtiles) character file.

Game seed: 18377629702568639091

19 Menchi the Magician (level 2, 0/16 HPs)
             Began as a Deep Elf Warper on Apr 10, 2019.
             Slain by a bat (1 damage)
             ... on level 1 of the Dungeon.
             The game lasted 00:03:15 (496 turns).

Menchi the Magician (Deep Elf Warper)                Turns: 496, Time: 00:03:15

Health: 0/16       AC:  3    Str:  8    XL:     2   Next: 55%
Magic:  8/8        EV: 12    Int: 17    God:
Gold:   0          SH:  0    Dex: 14    Spells: 6/8 levels left

rFire    . . .     SeeInvis .   a - +0 short sword
rCold    . . .     Gourm    .   (no shield)
rNeg     . . .     Faith    .   b - +0 leather armour
rPois    .         Spirit   .   (no helmet)
rElec    .         Reflect  .   (no cloak)
rCorr    .         Harm     .   (no gloves)
MR       .....                  (no boots)
Stlth    +.........             (no amulet)
HPRegen  0.05/turn              (no ring)
MPRegen  0.11/turn              (no ring)

@: no status effects
A: no striking features
a: no special abilities


You were on level 1 of the Dungeon.
You were not hungry.

You visited 1 branch of the dungeon, and saw 1 of its levels.

Inventory:

Hand Weapons
 a - a +0 short sword (weapon)
Missiles
 e - 3 tomahawks of dispersal (quivered)
Armour
 b - a +0 leather armour (worn)
Scrolls
 c - a scroll of noise {unknown}
 d - a scroll of blinking
 h - a scroll of remove curse {unknown}
Potions
 i - a potion of haste {unknown}
Comestibles
 f - 2 rations
 g - 3 chunks of flesh


   Skills:
 - Level 1.5 Fighting
 + Level 2.3 Short Blades
 - Level 1.0 Throwing
 - Level 0.7 Armour
 * Level 2.9 Dodging
 * Level 1.0 Stealth
 * Level 3.5 Spellcasting
 + Level 3.3 Translocations


You had 6 spell levels left.
You knew the following spells:

 Your Spells              Type           Power        Failure   Level  Hunger
a - Blink                 Tloc           N/A          9%          2    ##.....

Your spell library contained the following spells:

 Spells                   Type           Power        Failure   Level  Hunger
 Shroud of Golubria       Chrm/Tloc      #.........   19%         2    ##.....
 Gell's Gravitas          Tloc           ##........   19%         3    ###....
 Lesser Beckoning         Tloc           ##........   19%         3    ###....
 Teleport Other           Tloc           ##......     19%         3    ###....
 Passage of Golubria      Tloc           N/A          52%         4    ####...


Dungeon Overview and Level Annotations

Branches:
Dungeon (1/15)

Altars:


Message History

You hit the bat but do no damage. The bat hits you but does no damage.
The bat closely misses you.
You closely miss the bat. The bat hits you but does no damage.
The bat closely misses you. The bat hits you but does no damage.
You hit the bat.
The bat is moderately wounded.
The bat hits you.
* * * LOW HITPOINT WARNING * * *
The bat closely misses you.
Things that are here:
8 gold pieces; a +0 short sword; a kobold corpse The bat barely misses you.
You see here a dart slug corpse.
You butcher the dart slug corpse.
The bat closely misses you.
You see here a chunk of flesh.
There isn't anything to butcher here.
You hit the bat.
The bat is heavily wounded.
The bat hits you.
You die...

........##.#...###########.###รท##
..............................>##
####.##.##.#...#.###............#
[.##.##..###.....................
#.##.###.# #...#.###............#
#.##.# #.# #...#.# #............#
.....###.#######.# #............#
#.........# #$# #............#
#########.######@# #............#
#.....(...$...b.# #............#
#...............# #............#
#...............# #............#
................# #............#
#...............# #########.####
#...............# #..#.#
#..............$# ##.#.#
#...............# #...#


You could see a bat.

Vanquished Creatures
  A dart slug (D:1)
  4 giant cockroaches (D:1)
  A hobgoblin (D:1)
  2 jackals (D:1)
  A kobold (D:1)
  5 bats (D:1)
  A goblin (D:1)
15 creatures vanquished.

Notes
Turn   | Place    | Note
-------+----------+-------------------------------------------
     0 | D:1      | Menchi the Deep Elf Warper began the quest for the Orb.
     0 | D:1      | Reached XP level 1. HP: 12/12 MP: 6/6
   349 | D:1      | Reached XP level 2. HP: 15/16 MP: 8/8
   402 | D:1      | Learned a level 2 spell: Blink
   487 | D:1      | Reached skill level 1 in Stealth
   496 | D:1      | Slain by a bat

Skill      XL: |  1  2 |
---------------+-------+-----
Stealth        | 1 |  1.0
Fighting       | |  1.5
Short Blades   | |  2.3
Throwing       | |  1.0
Armour         | |  0.7
Dodging        | |  2.9
Spellcasting   | |  3.5
Translocations | |  3.3

Action                   || total
-------------------------++-------
Melee: Short sword       ||    81
Throw: Tomahawk          ||     2
 Cast: Blink             ||     1
Armor: Leather armour    ||    46
Dodge: Dodged            ||    90
